| TOP OF THE 1ST |
|
Chicago (APP) Cubs batting - Pitching for Missoula Osprey : LHP Elias Reyes
|
|
Pitching: LHP Elias Reyes
|
|
|
Batting: RHB Lencho Otieno
|
0-0: Ball 1-0: Called Strike 1-1: SOLO HOME RUN (Flyball, 78XD, EV 104.4 MPH), Distance : 410 ft
|
|
Batting: SHB Jim Lloyd
|
0-0: Called Strike 0-1: Ball 1-1: Foul Ball, location: 2F 1-2: Ground out 1-3 (Groundball, 15S, EV 66.2 MPH)
|
|
Batting: RHB Jorge Gonzalez
|
0-0: Foul Ball, location: 2F 0-1: Called Strike 0-2: Strikes out swinging
|
|
Batting: RHB Andy Baumhardt
|
0-0: Called Strike 0-1: Ball 1-1: Ball 2-1: Foul Ball, location: 2F 2-2: Strikes out swinging
|
| Top of the 1st over - 1 run, 1 hit, 0 errors, 0 left on base; Chicago (APP) 1 - Missoula 0 |
| BOTTOM OF THE 1ST |
|
Missoula Osprey batting - Pitching for Chicago (APP) Cubs : RHP Masato Iwase
|
|
Pitching: RHP Masato Iwase
|
|
|
Batting: RHB Isaiah Hampton
|
0-0: Foul Ball, location: 2F 0-1: Ball 1-1: Ball 2-1: SINGLE (Groundball, 6MD, EV 95.6 MPH)
|
|
Batting: LHB Danny Salas
|
0-0: Called Strike Isaiah Hampton steals 2nd base 0-1: Foul Ball, location: 2F 0-2: Foul Ball, location: 2F 0-2: Ball 1-2: SINGLE (Groundball, 34D, EV 101.2 MPH) Isaiah Hampton to third Runner from 3rd tries for Home, SAFE, throw by RF to home Danny Salas to second
|
|
Batting: RHB Claude Leduc
|
0-0: Called Strike 0-1: Ball 1-1: Ball Passed Ball! Danny Salas to third 2-1: Foul Ball, location: 2F 2-2: Foul Ball, location: 2F 2-2: Strikes out swinging
|
|
Batting: LHB Falco van Koeveringe
|
0-0: Ball 1-0: Foul Ball, location: 2F 1-1: Foul Ball, location: 2F 1-2: SINGLE (Groundball, 34D, EV 98.8 MPH) Danny Salas scores
|
|
Batting: LHB Angelo Lira
|
0-0: Ball 1-0: Ball Falco van Koeveringe steals 2nd base 2-0: Foul Ball, location: 2F 2-1: Foul Ball, location: 2F 2-2: Strikes out swinging
|
|
Batting: RHB David Powell
|
0-0: Swinging Strike Passed Ball! Falco van Koeveringe to third 0-1: Ball 1-1: Called Strike 1-2: Foul Ball, location: 2F 1-2: Ball 2-2: Ball 3-2: Fly out, F7 (Flyball, 7, EV 78.8 MPH)
|
| Bottom of the 1st over - 2 runs, 3 hits, 0 errors, 1 left on base; Chicago (APP) 1 - Missoula 2 |
| TOP OF THE 2ND |
|
Chicago (APP) Cubs batting - Pitching for Missoula Osprey : LHP Elias Reyes
|
|
Batting: LHB Jose Mafano
|
0-0: Ball 1-0: Foul Ball, location: 2F 1-1: Foul Ball, location: 2F 1-2: Strikes out swinging
|
|
Batting: RHB Andy Villarreal
|
0-0: Swinging Strike 0-1: Ball 1-1: Foul Ball, location: 2F 1-2: Strikes out swinging
|
|
Batting: SHB Rob Craft
|
0-0: Ground out 4-3 (Groundball, 4, EV 109.4 MPH)
|
| Top of the 2nd over - 0 runs, 0 hits, 0 errors, 0 left on base; Chicago (APP) 1 - Missoula 2 |
| BOTTOM OF THE 2ND |
|
Missoula Osprey batting - Pitching for Chicago (APP) Cubs : RHP Masato Iwase
|
|
Batting: RHB Shing Mah
|
0-0: Ball 1-0: Foul Ball, location: 2F 1-1: SINGLE (Line Drive, 9S, EV 95.6 MPH)
|
|
Batting: RHB Hector Tabares
|
0-0: Called Strike 0-1: Called Strike 0-2: Ball Wild Pitch! Shing Mah to second 1-2: Ball Passed Ball! Shing Mah to third 2-2: Strikes out swinging
|
|
Batting: LHB Adam Spence
|
0-0: Called Strike 0-1: Called Strike 0-2: Foul Ball, location: 2F 0-2: Foul Ball, location: 2F 0-2: Strikes out swinging
|
|
Batting: RHB Isaiah Hampton
|
0-0: Called Strike 0-1: Ball 1-1: Reached on error, E6 (Groundball, 6, EV 100.0 MPH) Shing Mah scores
|
|
Batting: LHB Danny Salas
|
0-0: Called Strike 0-1: Ball Isaiah Hampton steals 2nd base 1-1: Foul Ball, location: 2F 1-2: Ball 2-2: Fly out, F8 (Flyball, 8RXD, EV 101.9 MPH)
|
| Bottom of the 2nd over - 1 run, 1 hit, 1 error, 1 left on base; Chicago (APP) 1 - Missoula 3 |
| TOP OF THE 3RD |
|
Chicago (APP) Cubs batting - Pitching for Missoula Osprey : LHP Elias Reyes
|
|
Batting: LHB Wilhelm Myers
|
0-0: Swinging Strike 0-1: Ball 1-1: Ground out 4-3 (Groundball, 4, EV 91.9 MPH)
|
|
Batting: LHB Eddie Panagos
|
0-0: Called Strike 0-1: Foul Ball, location: 2F 0-2: Strikes out swinging
|
|
Batting: RHB Lencho Otieno
|
0-0: Ground out 1-3 (Groundball, 13S, EV 69.4 MPH)
|
| Top of the 3rd over - 0 runs, 0 hits, 0 errors, 0 left on base; Chicago (APP) 1 - Missoula 3 |
| BOTTOM OF THE 3RD |
|
Missoula Osprey batting - Pitching for Chicago (APP) Cubs : RHP Masato Iwase
|
|
Batting: RHB Claude Leduc
|
0-0: Ball 1-0: Ball 2-0: SINGLE (Groundball, 4MD, EV 109.4 MPH)
|
|
Batting: LHB Falco van Koeveringe
|
0-0: Called Strike 0-1: Ball 1-1: Called Strike 1-2: Ball 2-2: SINGLE (Groundball, 4D, EV 110.6 MPH) Claude Leduc to second
|
|
Batting: LHB Angelo Lira
|
0-0: Ball Wild Pitch! Claude Leduc to third Falco van Koeveringe to second 1-0: Foul Ball, location: 2F 1-1: Ball 2-1: Swinging Strike Passed Ball! Claude Leduc scores Falco van Koeveringe to third 2-2: Foul Ball, location: 2F 2-2: Ground out 4-3 (Groundball, 13, EV 83.1 MPH) Falco van Koeveringe scores
|
|
Batting: RHB David Powell
|
0-0: Foul Ball, location: 2F 0-1: Swinging Strike 0-2: Ball 1-2: Ball 2-2: Ball 3-2: SINGLE (Groundball, 6D, EV 103.1 MPH)
|
|
Batting: RHB Shing Mah
|
0-0: Swinging Strike 0-1: Called Strike 0-2: Ball 1-2: Ball 2-2: Ball 3-2: Base on Balls David Powell to second
|
|
Batting: RHB Hector Tabares
|
0-0: Called Strike 0-1: Foul Ball, location: 2F 0-2: Ball 1-2: Ball 2-2: Foul Ball, location: 2F 2-2: Foul Ball, location: 2F 2-2: Strikes out looking
|
|
Pitching: RHP Robbie Schoen
|
|
|
Batting: LHB Adam Spence
|
0-0: Ball 1-0: DOUBLE (Flyball, 89D, EV 96.9 MPH) David Powell scores Shing Mah to third
|
|
Batting: RHB Isaiah Hampton
|
0-0: Called Strike 0-1: Reached on error, E6 (Groundball, 6, EV 87.5 MPH) Shing Mah scores Adam Spence to third
|
|
Batting: LHB Danny Salas
|
0-0: Ball Wild Pitch! Adam Spence scores Isaiah Hampton to second 1-0: Ball Passed Ball! Isaiah Hampton to third 2-0: Ball Wild Pitch! Isaiah Hampton scores 3-0: Base on Balls
|
|
Batting: RHB Claude Leduc
|
0-0: Called Strike 0-1: Ball Passed Ball! Danny Salas to second 1-1: Foul Ball, location: 2F 1-2: Strikes out looking
|
| Bottom of the 3rd over - 6 runs, 4 hits, 1 error, 1 left on base; Chicago (APP) 1 - Missoula 9 |
| TOP OF THE 4TH |
|
Chicago (APP) Cubs batting - Pitching for Missoula Osprey : LHP Elias Reyes
|
|
Batting: SHB Jim Lloyd
|
0-0: Ball 1-0: SOLO HOME RUN (Flyball, 7LD, EV 96.9 MPH), Distance : 380 ft
|
|
Batting: RHB Jorge Gonzalez
|
0-0: Called Strike 0-1: Ground out 3-1 (Groundball, 34S, EV 94.4 MPH)
|
|
Batting: RHB Andy Baumhardt
|
0-0: Called Strike 0-1: Swinging Strike 0-2: Strikes out swinging
|
|
Batting: LHB Jose Mafano
|
0-0: Swinging Strike 0-1: Ball 1-1: Called Strike 1-2: Strikes out swinging, 2-3 out at first.
|
| Top of the 4th over - 1 run, 1 hit, 0 errors, 0 left on base; Chicago (APP) 2 - Missoula 9 |
| BOTTOM OF THE 4TH |
|
Missoula Osprey batting - Pitching for Chicago (APP) Cubs : RHP Robbie Schoen
|
|
Batting: LHB Falco van Koeveringe
|
0-0: Ball 1-0: Ball 2-0: Ball 3-0: Base on Balls
|
|
Batting: LHB Angelo Lira
|
0-0: Swinging Strike 0-1: Foul Ball, location: 2F 0-2: Strikes out swinging
|
|
Batting: RHB David Powell
|
0-0: Called Strike 0-1: Foul Ball, location: 2F 0-2: Ball 1-2: Ball 2-2: Fielders Choice at 2nd, 4-6 (Groundball, 4, EV 82.5 MPH)
|
|
Batting: RHB Shing Mah
|
0-0: Called Strike 0-1: Swinging Strike 0-2: Strikes out looking
|
| Bottom of the 4th over - 0 runs, 0 hits, 0 errors, 1 left on base; Chicago (APP) 2 - Missoula 9 |
| TOP OF THE 5TH |
|
Chicago (APP) Cubs batting - Pitching for Missoula Osprey : LHP Elias Reyes
|
|
Batting: RHB Andy Villarreal
|
0-0: Ball 1-0: Called Strike 1-1: Called Strike 1-2: Foul Ball, location: 2F 1-2: Ball 2-2: Ball 3-2: Strikes out looking
|
|
Batting: SHB Rob Craft
|
0-0: Swinging Strike 0-1: Foul Ball, location: 2F 0-2: Ball 1-2: Foul Ball, location: 2F 1-2: SINGLE (Groundball, 6MD, EV 94.4 MPH)
|
|
Batting: LHB Wilhelm Myers
|
0-0: Ball 1-0: Grounds into double play, 4-6-3 (Groundball, 4, EV 98.8 MPH)
|
| Top of the 5th over - 0 runs, 1 hit, 0 errors, 0 left on base; Chicago (APP) 2 - Missoula 9 |
| BOTTOM OF THE 5TH |
|
Missoula Osprey batting - Pitching for Chicago (APP) Cubs : RHP Robbie Schoen
|
|
Batting: RHB Hector Tabares
|
0-0: Called Strike 0-1: Ball 1-1: Fly out, F9 (Flyball, 9, EV 94.4 MPH)
|
|
Batting: LHB Adam Spence
|
0-0: Ball 1-0: Called Strike 1-1: Foul Ball, location: 2F 1-2: Strikes out looking
|
|
Batting: RHB Isaiah Hampton
|
0-0: Ground out 5-3 (Groundball, 56S, EV 93.1 MPH)
|
| Bottom of the 5th over - 0 runs, 0 hits, 0 errors, 0 left on base; Chicago (APP) 2 - Missoula 9 |
| TOP OF THE 6TH |
|
Chicago (APP) Cubs batting - Pitching for Missoula Osprey : LHP Elias Reyes
|
|
Batting: LHB Eddie Panagos
|
0-0: Ball 1-0: Foul Ball, location: 2F 1-1: Fly out, F7 (Flyball, 78M, EV 95.6 MPH)
|
|
Batting: RHB Lencho Otieno
|
0-0: Foul Ball, location: 2F 0-1: Ball 1-1: Ground out 6-3 (Groundball, 6M, EV 86.2 MPH)
|
|
Batting: SHB Jim Lloyd
|
0-0: Foul Ball, location: 2F 0-1: Ball 1-1: Foul Ball, location: 2F 1-2: Ball 2-2: Foul Ball, location: 2F 2-2: Strikes out swinging
|
| Top of the 6th over - 0 runs, 0 hits, 0 errors, 0 left on base; Chicago (APP) 2 - Missoula 9 |
| BOTTOM OF THE 6TH |
|
Missoula Osprey batting - Pitching for Chicago (APP) Cubs : RHP Robbie Schoen
|
|
Batting: LHB Danny Salas
|
0-0: Called Strike 0-1: Called Strike 0-2: Ball 1-2: Foul Ball, location: 2F 1-2: Ground out 4-3 (Groundball, 4, EV 105.6 MPH)
|
|
Batting: RHB Claude Leduc
|
0-0: Called Strike 0-1: Swinging Strike 0-2: Ball 1-2: Ball 2-2: Ball 3-2: Foul Ball, location: 2F 3-2: Strikes out looking
|
|
Batting: LHB Falco van Koeveringe
|
0-0: Called Strike 0-1: Swinging Strike 0-2: Ball 1-2: Foul Ball, location: 2F 1-2: Foul Ball, location: 2F 1-2: Ball 2-2: Ball 3-2: SOLO HOME RUN (Flyball, 89XD, EV 102.5 MPH), Distance : 400 ft
|
|
Batting: LHB Angelo Lira
|
0-0: Called Strike 0-1: Ball 1-1: Foul Ball, location: 2F 1-2: SINGLE (Groundball, 34D, EV 106.2 MPH)
|
|
Batting: RHB David Powell
|
0-0: Called Strike 0-1: Ball Passed Ball! Angelo Lira to second 1-1: Ground out 5-3 (Groundball, 5, EV 81.2 MPH)
|
| Bottom of the 6th over - 1 run, 2 hits, 0 errors, 1 left on base; Chicago (APP) 2 - Missoula 10 |
| TOP OF THE 7TH |
|
Chicago (APP) Cubs batting - Pitching for Missoula Osprey : LHP Elias Reyes
|
|
Batting: RHB Jorge Gonzalez
|
0-0: Ball 1-0: Called Strike 1-1: Swinging Strike 1-2: Strikes out swinging, 2-3 out at first.
|
|
Batting: RHB Andy Baumhardt
|
0-0: Called Strike 0-1: Ball 1-1: DOUBLE (Line Drive, 8RXD, EV 111.2 MPH)
|
|
Batting: LHB Jose Mafano
|
0-0: Ball 1-0: Swinging Strike 1-1: Swinging Strike 1-2: Ball 2-2: Strikes out swinging
|
|
Batting: RHB Andy Villarreal
|
0-0: Called Strike 0-1: Ball 1-1: Ball 2-1: Swinging Strike 2-2: Ball 3-2: Strikes out looking
|
| Top of the 7th over - 0 runs, 1 hit, 0 errors, 1 left on base; Chicago (APP) 2 - Missoula 10 |
| BOTTOM OF THE 7TH |
|
Missoula Osprey batting - Pitching for Chicago (APP) Cubs : RHP Robbie Schoen
|
|
Pitching: RHP Man-keung Li
|
|
|
Batting: RHB Shing Mah
|
0-0: Ball 1-0: Ball 2-0: Called Strike 2-1: Ball 3-1: Base on Balls
|
|
Batting: RHB Hector Tabares
|
0-0: Foul Ball, location: 2F 0-1: Called Strike 0-2: Ball 1-2: Strikes out swinging
|
|
Batting: LHB Adam Spence
|
0-0: Ball 1-0: Ball 2-0: Called Strike 2-1: Foul Ball, location: 2F 2-2: Grounds into double play, 5-4-3 (Groundball, 5, EV 103.1 MPH)
|
| Bottom of the 7th over - 0 runs, 0 hits, 0 errors, 0 left on base; Chicago (APP) 2 - Missoula 10 |
| TOP OF THE 8TH |
|
Chicago (APP) Cubs batting - Pitching for Missoula Osprey : LHP Elias Reyes
|
|
Batting: SHB Rob Craft
|
0-0: Ball 1-0: Called Strike 1-1: Ball 2-1: Foul Ball, location: 2F 2-2: Hit by Pitch
|
|
Batting: LHB Wilhelm Myers
|
0-0: Sac Bunt to 15S - play at first, batter OUT! 1-3 Rob Craft to second
|
|
Batting: LHB Eddie Panagos
|
0-0: Called Strike 0-1: Ball 1-1: Ball 2-1: Ball 3-1: Base on Balls
|
|
Pitching: LHP Henry Jesso
|
|
|
Batting: RHB Lencho Otieno
|
0-0: Swinging Strike 0-1: Ball 1-1: Foul Ball, location: 2F 1-2: Ball 2-2: Ball 3-2: Strikes out looking
|
|
Batting: SHB Jim Lloyd
|
0-0: Foul Ball, location: 2F 0-1: Called Strike 0-2: Foul Ball, location: 2F 0-2: Ball 1-2: Strikes out swinging
|
| Top of the 8th over - 0 runs, 0 hits, 0 errors, 2 left on base; Chicago (APP) 2 - Missoula 10 |
| BOTTOM OF THE 8TH |
|
Missoula Osprey batting - Pitching for Chicago (APP) Cubs : RHP Man-keung Li
|
|
Batting: RHB Isaiah Hampton
|
0-0: Swinging Strike 0-1: Foul Ball, location: 2F 0-2: Foul Ball, location: 2F 0-2: Foul Ball, location: 2F 0-2: Strikes out swinging
|
|
Batting: LHB Danny Salas
|
0-0: Ball 1-0: Ball 2-0: Foul Ball, location: 2F 2-1: Reached on error, E6 (Groundball, 6, EV 93.1 MPH)
|
|
Batting: RHB Claude Leduc
|
0-0: Ball Passed Ball! Danny Salas to second 1-0: Ball 2-0: 2-RUN HOME RUN (Flyball, 7D, EV 95.6 MPH), Distance : 391 ft
|
|
Batting: LHB Falco van Koeveringe
|
0-0: Foul Ball, location: 2F 0-1: Foul Ball, location: 2F 0-2: Hit by Pitch
|
|
Batting: LHB Angelo Lira
|
0-0: Ball 1-0: Ball 2-0: Ball 3-0: Called Strike 3-1: Base on Balls Falco van Koeveringe to second
|
|
Batting: RHB David Powell
|
0-0: Foul Ball, location: 2F 0-1: SINGLE (Groundball, 3D, EV 110.0 MPH) Falco van Koeveringe to third Angelo Lira to second Runner from 3rd tries for Home, SAFE, throw by RF to home Angelo Lira to third David Powell to second
|
|
Batting: RHB Shing Mah
|
0-0: Called Strike 0-1: Ball 1-1: Foul Ball, location: 2F 1-2: Fly out, F7 (Line Drive, 7S, EV 86.2 MPH)
|
|
Batting: RHB Hector Tabares
|
0-0: Called Strike 0-1: Ball 1-1: Ball 2-1: Ball 3-1: SINGLE (Line Drive, 8RS, EV 101.9 MPH) Angelo Lira scores David Powell to third
|
|
Pitching: RHP Joshua Vincent
|
|
|
Batting: LHB Adam Spence
|
0-0: Called Strike 0-1: Foul Ball, location: 2F 0-2: Strikes out swinging
|
| Bottom of the 8th over - 4 runs, 3 hits, 1 error, 2 left on base; Chicago (APP) 2 - Missoula 14 |
| TOP OF THE 9TH |
|
Chicago (APP) Cubs batting - Pitching for Missoula Osprey : LHP Henry Jesso
|
|
Batting: RHB Jorge Gonzalez
|
0-0: Called Strike 0-1: Foul Ball, location: 2F 0-2: Ground out 4-3 (Groundball, 4, EV 101.9 MPH)
|
|
Batting: RHB Andy Baumhardt
|
0-0: Ball 1-0: Called Strike 1-1: Ball 2-1: Ball 3-1: Foul Ball, location: 2F 3-2: Strikes out swinging
|
|
Batting: LHB Jose Mafano
|
0-0: Called Strike 0-1: Called Strike 0-2: Ball 1-2: Ball 2-2: Strikes out swinging
|
| Top of the 9th over - 0 runs, 0 hits, 0 errors, 0 left on base; Chicago (APP) 2 - Missoula 14 |
|